 Dungeon Crawl Stone Soup version 0.27-a0-1154-gfdeffcb720 (webtiles) character file.

Game seed: 12851648407181598779

67 robertstho the Skirmisher (level 4, -6/41 HPs)
             Began as a Minotaur Berserker on May 14, 2021.
             Was a Believer of Trog.
             Mangled by Natasha (9 damage)
             ... on level 2 of the Dungeon.
             The game lasted 00:01:25 (1033 turns).

robertstho the Skirmisher (Minotaur Berserker)      Turns: 1033, Time: 00:01:26

Health: -6/41      AC:  3    Str: 21    XL:     4   Next: 0%
Magic:  3/3        EV: 12    Int:  5    God:    Trog [**....]
Gold:   34         SH:  0    Dex: 10    Spells: 3/3 levels left

rFire    x . .     SeeInvis .   a - +0 hand axe
rCold    + . .     Faith    .   (no shield)
rNeg     . . .     Spirit   .   b - +0 animal skin
rPois    .         Reflect  .   (helmet restricted)
rElec    .         Harm     .   (no cloak)
rCorr    .         Rampage  .   d - +0 pair of gloves
Will     ++...                  (no boots)
Stlth    +.........             (no amulet)
HPRegen  1.13/turn              e - ring of ice
MPRegen  0.08/turn              (no ring)

@: strong-willed, on berserk cooldown, regenerating, hasted and slowed
A: horns 2, retaliatory headbutt
a: Renounce Religion, Berserk, Trog's Hand


You were on level 2 of the Dungeon.
You worshipped Trog.
Trog was pleased with you.
You visited 1 branch of the dungeon, and saw 2 of its levels.

You collected 34 gold pieces.

Inventory:

Hand Weapons
 a - a +0 hand axe (weapon)
Armour
 b - a +0 animal skin (worn)
 d - a +0 pair of gloves (worn)
Jewellery
 e - a ring of ice (left hand)


   Skills:
 * Level 4.7 Fighting
 + Level 4.2 Axes
 * Level 3.2 Armour
 + Level 2.6 Dodging
 + Level 0.1 Stealth


You had 3 spell levels left.
You didn't know any spells.
Your spell library was empty.

Dungeon Overview and Level Annotations

Branches:
Dungeon (2/15)

Altars:

Annotations:
D:2 Natasha


Innate Abilities, Weirdness & Mutations

You have a pair of horns on your head.
You reflexively headbutt those who attack you in melee.


Message History

Natasha screams in pain as she dies!
You have reached level 4!
You feel agile.
You see here the felid corpse of Natasha.
You feel a strong urge to attack something.
Natasha, Servant of Life and Death comes into view.
Natasha hisses angrily.
Natasha mumbles some strange words.
Natasha glows brightly for a moment.
You are no longer berserk.
You are exhausted.
You feel as though you will be slow longer.
Natasha casts a spell at you. You resist with some effort.
Natasha closely misses you. You furiously retaliate!
You headbutt Natasha. You hit Natasha. Your headbutt misses Natasha.
Natasha is moderately wounded.
Natasha casts a spell at you. The magic dart hits you!
* * * LOW HITPOINT WARNING * * *
Natasha claws you.
* * * LOW HITPOINT WARNING * * *
It was a potion of berserk rage.
You're still recovering from your berserk rage.
Natasha casts a spell at you.
You feel as though you will be slow longer.
Natasha barely misses you. You furiously retaliate!
You headbutt Natasha!
It was a potion of haste.
You feel yourself speed up. Natasha claws you.
* * * LOW HITPOINT WARNING * * *
Your skin crawls.
You feel strong-willed. Natasha misses you.
You barely miss Natasha. Your headbutt misses Natasha.
Natasha is almost dead.
Natasha claws you.
* * * LOW HITPOINT WARNING * * *
You closely miss Natasha. Your headbutt misses Natasha.
Natasha is almost dead.
Natasha claws you!
You die...

.........♣♣♣♣.≈♣♣#####
#.........♣♣≈.P♣♣.....
#..........♣P≈P♣......
#..........♣P.≈♣......
#..†....h.............
##........##[.....(...
#....###.##..........
#...h#<..##..........
#...@#####...........
#....................
#....#####...........
♣....# +.....#...##
♣♣..## #.....###.#
P≈♣.# #.##### .#
≈≈≈♣♣# #.# .# ≈≈≈≈ #.#
.... #.#


You could see Natasha.

Vanquished Creatures
  Natasha (D:2)
  A worm (D:2)
  A dart slug (D:1)
  4 bats (D:1)
  An endoplasm (D:1)
  A giant cockroach (D:1)
  5 hobgoblins (D:1)
  4 jackals (D:1)
  A quokka (D:1)
  2 ball pythons
  4 frilled lizards (D:1)
  5 goblins (D:1)
  A kobold (D:1)
  6 rats (D:1)
37 creatures vanquished.

Notes
Turn   | Place    | Note
-------+----------+-------------------------------------------
     0 | D:1      | robertstho the Minotaur Berserker began the quest for the
                  | Orb.
     0 | D:1      | Reached XP level 1. HP: 19/19 MP: 0/0
   286 | D:1      | Found a faded altar of an unknown god.
   290 | D:1      | Reached XP level 2. HP: 27/27 MP: 1/1
   492 | D:1      | Reached ** piety under Trog
   650 | D:1      | Reached XP level 3. HP: 33/33 MP: 2/2
  1012 | D:2      | Noticed Natasha
  1020 | D:2      | Killed Natasha
  1021 | D:2      | Reached XP level 4. HP: 18/41 MP: 3/3
  1022 | D:2      | Noticed Natasha
  1030 | D:2      | HP: 2/41 [Natasha (3)]
  1033 | D:2      | Mangled by Natasha

Illustrated notes

Levels and vault maps discovered:
D:1:      saegor_arrival_simple_d, layout_rooms,
          shapermc_ecumenical_altar_starsandcircs, minivault_23,
          minmay_misc_feat_chi
D:2:      layout_basic, serial_bayou, serial_bayou_crossing,
          serial_bayou_pond_d, serial_bayou_ford_a, serial_bayou_shore_b,
          serial_bayou_pond_b, serial_bayou_shore_b, basic_altar, st_stairs_10,
          roderic_roman_lattice, uniq_natasha

Skill      XL: |  1  2 |
---------------+-------+-----
Fighting       | 4 |  4.7
Armour         | 3 |  3.2
Axes           | 4 |  4.2
Dodging        | |  2.6
Stealth        | |  0.1

Action                   |  1- 3 |  4- 6 || total
-------------------------+-------+-------++-------
Melee: Hand axe          |    71 |     3 ||    74
       Headbutt          |     8 |       ||     8
Invok: Berserk           |     2 |       ||     2
       Trog's Hand       |       |     1 ||     1
  Use: Scroll            |     2 |       ||     2
       Potion            |       |     2 ||     2
Armor: Animal skin       |    18 |       ||    18
Dodge: Dodged            |    43 |     3 ||    46

Table legend: (Time is in decaauts)
 A = Elapsed time spent in this place.
 B = Non-inter-level travel time spent in this place.
 C = Inter-level travel time spent in this place.
 D = Time resting spent in this place.
 E = Time spent auto-exploring this place.
 F = Levels seen in this place.
 G = Mean time per level.
                   A        B        C        D        E       F      G
               +--------+--------+--------+--------+--------+-----+--------+
         Total |   1055 |   1039 |     16 |      0 |    828 |   2 |  527.5 |
       Dungeon |   1055 |   1039 |     16 |      0 |    828 |   2 |  527.5 |
               +--------+--------+--------+--------+--------+-----+--------+

Top non-repeatable levels by time:
     D:1: 959 daAuts
     D:2: 95 daAuts
